 Dungeon Crawl Stone Soup version 0.26.1-12-g5ba1501909 (webtiles) character file.

Game seed: 2109712680450167911

257 Zeld the Chucker (level 5, -1/52 HPs)
             Began as a Troll Hunter on Oct 28, 2021.
             Slain by an iguana (3 damage)
             ... on level 4 of the Dungeon.
             The game lasted 00:04:02 (2777 turns).

Zeld the Chucker (Troll Hunter)                     Turns: 2777, Time: 00:04:03

Health: -1/52      AC:  7    Str: 21    XL:     5   Next: 93%
Magic:  4/4        EV: 10    Int:  7    God:
Gold:   123        SH:  0    Dex: 10    Spells: 4/4 levels left

rFire    . . .     SeeInvis .   a - +0 mace (curse)
rCold    . . .     Faith    .   (no shield)
rNeg     . . .     Spirit   .   b - +0 robe
rPois    .         Reflect  .   (helmet restricted)
rElec    .         Harm     .   x - +0 cloak
rCorr    .         Rampage  .   (gloves unavailable)
Will     .....                  (boots unavailable)
Stlth    +.........             (no amulet)
HPRegen  0.57/turn              (no ring)
MPRegen  0.09/turn              (no ring)

@: lethally poisoned (-1 -> -1)
A: large, unfitting armour, claws 3, regeneration 1, shaggy fur 1, tough skin 3
a: no special abilities


You were on level 4 of the Dungeon.
You visited 1 branch of the dungeon, and saw 4 of its levels.
You also visited: Ossuary.

You collected 123 gold pieces.

Inventory:

Hand Weapons
 a - a cursed +0 mace (weapon)
 y - a cursed +0 mace
 z - a cursed +0 mace
Missiles
 c - 5 large rocks (quivered)
 d - 2 throwing nets
Armour
 b - a +0 robe (worn)
 x - a +0 cloak (worn)
Scrolls
 f - 3 scrolls of remove curse {unknown}
 h - a scroll of fog {unknown}
 i - a scroll of enchant weapon {unknown}
 j - a scroll of immolation {unknown}
 k - 2 scrolls of identify {unknown}
 m - a scroll of magic mapping {unknown}
 n - a scroll of amnesia {unknown}
 s - 2 scrolls of enchant armour {unknown}
 v - a scroll of blinking {unknown}
 B - a scroll of teleportation {unknown}
 C - a scroll of random uselessness {unknown}
Potions
 e - a potion of curing {unknown}
 g - a potion of attraction {unknown}
 l - 2 potions of degeneration {unknown}
 o - 2 potions of haste {unknown}
 p - a potion of brilliance {unknown}
 q - 2 potions of ambrosia {unknown}
 r - a potion of cancellation {unknown}
 t - a potion of mutation {unknown}
 u - a potion of lignification {unknown}
 w - a potion of heal wounds {unknown}
 A - a potion of berserk rage {unknown}


   Skills:
 * Level 2.8 Fighting
 * Level 2.4 Maces & Flails
 * Level 4.5 Throwing
 + Level 2.2 Dodging
 + Level 1.1 Stealth


You had 4 spell levels left.
You didn't know any spells.
Your spell library was empty.

Dungeon Overview and Level Annotations

Branches:
Dungeon (4/15)            Ossuary (visited)
 Temple: D:4-7

Altars:
Makhleb


Innate Abilities, Weirdness & Mutations

You are too large for most types of armour.
You have claws for hands.
Your natural rate of healing is unusually fast.
You are covered in fur. (AC +1)
You have extremely tough skin. (AC +3)


Message History

* * * LOW HITPOINT WARNING * * *
The adder completely misses you. The iguana barely misses you.
You hit the adder.
The adder is severely wounded.
The adder bites you.
* * * LOW HITPOINT WARNING * * *
The iguana bites you but does no damage.
The adder closely misses you.
You closely miss the adder.
The adder is severely wounded.
The iguana closely misses you. The adder bites you.
* * * LOW HITPOINT WARNING * * *
You are poisoned.
The adder poisons you! The adder bites you but does no damage.
The iguana bites you.
* * * LOW HITPOINT WARNING * * *
You sock the adder!
You kill the adder!
You feel sick. The iguana bites you.
You die...

## #........# ..#........#
#####.#........#
#..............#
...<.#........##.........
###.#.#........# .........
......#...l...### ........
........†@....... ..>....
........$.....### ....
####....#############.#
........#.............####
..........................
#########.............####
#.............#
#.............#
#.............#


You could see an iguana.

Vanquished Creatures
  Crazy Yiuf (D:2)
  An orc priest (D:3)
  Natasha (twice) (D:3)
  2 worker ants (D:4)
  A gnoll (D:1)
  3 adders
  An ooze (D:2)
  A worm (D:2)
  4 dart slugs
  A leopard gecko (D:4)
  An orc (D:3)
  5 bats
  6 giant cockroaches
  7 goblins
  7 hobgoblins
  4 kobolds (D:1)
  2 quokkas (D:3)
  6 frilled lizards
  3 kobold zombies (Ossuary)
  A leopard gecko skeleton (D:4)
  An orc zombie (Ossuary)
  7 rats
67 creatures vanquished.

Notes
Turn   | Place    | Note
-------+----------+-------------------------------------------
     0 | D:1      | Zeld the Troll Hunter began the quest for the Orb.
     0 | D:1      | Reached XP level 1. HP: 19/19 MP: 0/0
   102 | D:1      | Reached XP level 2. HP: 28/28 MP: 1/1
   377 | D:1      | Reached skill level 1 in Maces & Flails
   411 | D:1      | Reached XP level 3. HP: 33/35 MP: 2/2
   470 | D:1      | Reached skill level 4 in Throwing
  1237 | D:2      | Reached XP level 4. HP: 42/42 MP: 3/3
  1354 | D:2      | Found a runed translucent door.
  1355 | D:2      | Noticed Crazy Yiuf
  1370 | D:2      | Killed Crazy Yiuf
  1561 | D:3      | Noticed Natasha
  1580 | D:3      | Killed Natasha
  1581 | D:3      | Reached skill level 1 in Stealth
  1581 | D:3      | Reached XP level 5. HP: 41/50 MP: 4/4
  1685 | D:3      | Noticed Natasha
  1698 | D:3      | Killed Natasha
  2100 | D:4      | Found a burning altar of Makhleb.
  2100 | D:4      | Noticed a cacodemon
  2249 | D:4      | Found a sand-covered staircase.
  2318 | Ossuary  | Entered an ossuary
  2415 | Ossuary  | HP: 2/52 [mummy (16)]
  2776 | D:4      | HP: 2/52 [iguana (4)]
  2777 | D:4      | Slain by an iguana

Illustrated notes

Levels and vault maps discovered:
D:1:      evilmike_arrival_hilbert_curve, layout_basic
D:2:      layout_basic, uniq_crazy_yiuf_cottage
D:3:      layout_basic, tgw_sif, uniq_natasha
D:4:      layout_basic, chequers_ossuary_entry_cave, makhleb_altar_promises_db

Skill      XL: |  1  2  3  4  5 |
---------------+----------------+-----
Fighting       | 2 |  2.8
Maces & Flails | 1 2 |  2.4
Throwing       | 4 |  4.5
Dodging        | 2 |  2.2
Stealth        | 1 |  1.1

Action                   |  1- 3 |  4- 6 || total
-------------------------+-------+-------++-------
Melee: Unarmed           |    12 |       ||    12
       Flail             |   107 |    14 ||   121
       Mace              |       |   165 ||   165
 Stab: Sleeping          |     1 |       ||     1
Armor: Robe              |    79 |    89 ||   168
Dodge: Dodged            |    88 |   108 ||   196
